 Dungeon Crawl Stone Soup version 0.18.1-48-g4cf74bf (console) character file.

16335 Kloppie the Carver (level 12, -10/147 HPs)
             Began as a Human Berserker on July 1, 2016.
             Was the Champion of Trog.
             Mangled by a komodo dragon (15 damage)
             ... on level 4 of the Lair of Beasts.
             The game lasted 00:24:16 (13440 turns).

Kloppie the Carver (Human Berserker)               Turns: 13440, Time: 00:24:17

Health: -10/147    AC: 27    Str: 22    XL:     12   Next: 68%
Magic:  12/12      EV:  9    Int:  9    God:    Trog [******]
Gold:   403        SH:  0    Dex: 17    Spells: 0 memorised, 11 levels left

rFire  . . .     SeeInvis .     b - +2 hand axe (flame)
rCold  + . .     Gourm    .     o - +1 chain mail {rC+}
rNeg   . . .     Faith    .     (no shield)
rPois  +         Spirit   .     O - +1 helmet
rElec  .         Dismiss  .     m - +1 cloak
rCorr  .         Reflect  .     A - +2 pair of gloves
SustAt .         Harm     .     D - +0 pair of boots
MR     .....                    F - amulet of regeneration
Stlth  ..........               v - ring of poison resistance
                                M - +5 ring of protection

@: berserking, very quick, not resistant to hostile enchantments, extremely
unstealthy
A: no striking features
a: Berserk, Trog's Hand, Brothers in Arms, Burn Spellbooks, Renounce Religion


You were on level 4 of the Lair of Beasts.
You worshipped Trog.
Trog was exalted by your worship.
You were very hungry.

You visited 3 branches of the dungeon, and saw 16 of its levels.

You collected 731 gold pieces.
You spent 328 gold pieces at shops.

Inventory:

Hand Weapons
 a - a +3 scimitar of electrocution
 b - a +2 hand axe of flaming (weapon)
 J - the +9 triple sword of Cowardice {holy, rC+ Dex+4}
   (You acquired it on level 9 of the Dungeon)

   It has been blessed by the Shining One to cause great damage to the undead
   and demons.
   It affects your dexterity (+4).
   It protects you from cold.
 N - a +3 long sword of holy wrath
 R - a +2 scimitar of venom
Armour
 m - a +1 cloak (worn)
 o - a +1 chain mail of cold resistance (worn)
 A - a +2 pair of gloves (worn)
 D - a +0 pair of boots (worn)
 O - a +1 helmet (worn)
Jewellery
 h - an uncursed ring of ice
 p - an uncursed amulet of guardian spirit
 v - a ring of poison resistance (right hand)
 w - an uncursed ring of fire
 C - an uncursed ring of ice
 F - an amulet of regeneration (around neck)
 M - a +5 ring of protection (left hand)
Wands
 i - a wand of lightning (8/15)
 q - a wand of confusion (22/48)
 t - a wand of confusion (23/48)
 y - a wand of flame (15/48)
 E - a wand of polymorph (5/24)
 K - a wand of polymorph (7/24)
 P - a wand of slowing (28/48)
Scrolls
 g - 9 scrolls of remove curse
 j - 5 scrolls of fog
 l - 11 scrolls of teleportation
 x - 6 scrolls of recharging
 L - a scroll of enchant armour
Potions
 d - a potion of brilliance {unknown}
 e - 6 potions of curing
 k - 8 potions of heal wounds
 n - a potion of magic
 r - 2 potions of cancellation
 s - 2 potions of haste
 B - 3 potions of might
 G - 2 potions of flight
 I - 3 potions of agility
Comestibles
 c - 15 bread rations
 f - 5 beef jerkies
 u - 8 slices of pizza
 z - 3 meat rations


   Skills:
 + Level 10.5 Fighting
 * Level 13.8 Long Blades
 + Level 10.2 Armour
 - Level 2.0 Dodging


You had 11 spell levels left.
You didn't know any spells.

Dungeon Overview and Level Annotations

Branches:
Dungeon (10/15)            Temple (1/1) D:6            Lair (5/8) D:10
  Snake (0/4) Lair:4          Orc (0/2) D:10
  Swamp: Lair:3-6    Shoals: Lair:3-6

Altars:
Ashenzari
Elyvilon
Fedhas
Gozag
Nemelex Xobeh

Shops:
D:4 *   D:6 (   D:8 =


Message History

The two-headed hydra bites you but does no damage.
The komodo dragon bites you!!
* * * LOW HITPOINT WARNING * * *
You climb upwards.
There is a stone staircase leading down here.
A red film seems to cover your vision as you go berserk!
You feel yourself moving faster!
You feel mighty!
You are feeling very hungry.
The two-headed hydra bites you!
* * * LOW HITPOINT WARNING * * *
The two-headed hydra misses you. The komodo dragon bites you!
* * * LOW HITPOINT WARNING * * *
You hack one of the two-headed hydra's heads off!
The flame cauterises the wound!
You hit the one-headed hydra. You burn the one-headed hydra.
The one-headed hydra is lightly wounded.
You slash the komodo dragon! You burn the komodo dragon.
The komodo dragon is moderately wounded.
The one-headed hydra barely misses you. The komodo dragon bites you!
You die...

...# ##.###........### ...#
#....#...#....P.#### ...#
##..................## ...##
#...#................# ....#
#####.##..........##...## .†.##
#.P#...#.##.###....#...#
##.######.............P...#...##
..##P.............#...........P##
...............D@l..............#
......................P........##
..#.##P...............#.....####
..#.............(..........##
....≈§§≈.P.....#...........#
....§≈#≈§..................##
....≈#§≈....................#
....≈≈§≈...................##
.#....§.§##.##..#..........###


You could see an one-headed hydra and a komodo dragon.

Vanquished Creatures
  Fannar (Lair:3)
  2 hydras (Lair:4)
  Erolcha (D:8)
  The ghost of Kloppie the Slasher, a novice HuBe of Trog (D:6)
  A hill giant (D:10)
  3 spiny frogs
  2 komodo dragons
  A two-headed ogre (D:10)
  A polar bear (Lair:2)
  A human (D:7)
  15 yaks
  7 hippogriffs
  A basilisk (Lair:4)
  4 water moccasins
  5 porcupines
  A sky beast (D:7)
  3 orc warriors
  An ice beast (D:9)
  A wasp (Lair:3)
  3 phantoms
  5 centaurs
  5 ogres
  8 crocodiles
  Blork the orc (D:6)
  A big kobold (D:9)
  11 giant frogs
  A wyvern zombie (D:9)
  2 scorpions
  5 wights (D:9)
  2 howler monkeys
  2 jellies
  9 crimson imps
  A giant frog zombie (D:5)
  4 quasits
  A centaur skeleton (D:9)
  2 orc priests
  5 hounds
  13 worker ants
  3 iguanas
  5 orc wizards
  8 hell rats (Lair:3)
  8 sheep
  2 hound zombies
  4 gnolls (D:7)
  2 howler monkey skeletons
  10 adders
  75 river rats
  2 shadow imps
  An ooze (D:1)
  An adder skeleton (D:5)
  4 worms
  2 dart slugs (D:1)
  7 giant geckos
  41 orcs
  7 giant cockroaches
  11 goblins
  5 hobgoblins
  11 jackals
  4 quokkas
  3 ball pythons
  17 bats
  4 giant newts
  8 kobolds
  A quokka skeleton (D:6)
  34 rats
  A butterfly (Lair:3)
  A fungus (Lair:4)
415 creatures vanquished.

Vanquished Creatures (collateral kills)
  3 yaks (D:9)
  An orc warrior (D:10)
  An orc wizard (D:10)
  11 orcs (D:10)
16 creatures vanquished.

Vanquished Creatures (others)
  2 fungi
2 creatures vanquished.

Grand Total: 433 creatures vanquished

Notes
Turn   | Place    | Note
--------------------------------------------------------------
     0 | D:1      | Kloppie the Human Berserker began the quest for the Orb.
     0 | D:1      | Reached XP level 1. HP: 18/18 MP: 1/1
   124 | D:1      | Reached XP level 2. HP: 19/24 MP: 2/2
   395 | D:1      | Reached XP level 3. HP: 27/29 MP: 3/3
   465 | D:1      | Reached ** piety under Trog
  1159 | D:2      | Reached XP level 4. HP: 24/36 MP: 4/4
  1202 | D:2      | Reached skill level 4 in Long Blades
  1824 | D:3      | Reached XP level 5. HP: 20/42 MP: 5/5
  1844 | D:3      | Reached *** piety under Trog
  2880 | D:4      | Noticed an ogre
  2885 | D:4      | Killed an ogre
  2885 | D:4      | Reached skill level 5 in Long Blades
  2885 | D:4      | Reached XP level 6. HP: 48/48 MP: 6/6
  2982 | D:4      | Found an opulent altar of Gozag.
  3069 | D:4      | Found Geonemor's Assorted Antiques.
  3102 | D:4      | Bought a scroll labeled FYOMPA VANI for 21 gold pieces
  3102 | D:4      | Bought a blackened steel ring for 105 gold pieces
  3475 | D:4      | Got an ichor-stained spear
  3481 | D:4      | Identified the cursed +2 spear "Udise" {pierce, Dex+5} (You found it on level 4 of the Dungeon)
  3706 | D:5      | Entered Level 5 of the Dungeon
  3805 | D:5      | Reached XP level 7. HP: 38/55 MP: 7/7
  4130 | D:5      | Reached skill level 6 in Long Blades
  4245 | D:5      | Reached skill level 5 in Fighting
  4504 | D:5      | Found a blossoming altar of Fedhas.
  4644 | D:5      | Reached **** piety under Trog
  4707 | D:5      | Reached XP level 8. HP: 41/62 MP: 8/8
  4725 | D:6      | Noticed Kloppie's ghost (novice HuBe)
  4854 | D:6      | Killed Kloppie's ghost
  4854 | D:6      | Reached skill level 7 in Long Blades
  4854 | D:6      | Reached skill level 5 in Armour
  5195 | D:6      | Reached skill level 8 in Long Blades
  5217 | D:6      | Reached XP level 9. HP: 60/69 MP: 9/9
  5405 | D:6      | Found a staircase to the Ecumenical Temple.
  5487 | D:6      | Found Josecozi's Antique Weapon Shop.
  5495 | D:6      | Bought a runed scimitar for 108 gold pieces
  5541 | D:6      | Noticed Blork the orc
  5555 | D:6      | Killed Blork the orc
  5647 | D:6      | Found a shattered altar of Ashenzari.
  6134 | D:7      | Reached skill level 9 in Long Blades
  6328 | D:7      | Reached XP level 10. HP: 79/79 MP: 10/10
  6755 | D:6      | Bought a glowing long sword for 94 gold pieces
  6787 | Temple   | Entered the Ecumenical Temple
  6933 | D:8      | Reached skill level 10 in Long Blades
  6942 | D:8      | Found Suiheos's Jewellery Emporium.
  7062 | D:8      | Noticed Erolcha
  7071 | D:8      | Killed Erolcha
  7215 | D:8      | Found a sparkling altar of Nemelex Xobeh.
  7616 | D:8      | Found a white marble altar of Elyvilon.
  8190 | D:9      | Identified 3 scrolls of acquirement
  8191 | D:9      | Got a pitted triple sword
  8192 | D:9      | Identified the +9 triple sword of Cowardice {holy, rC+ Dex+4} (You acquired it on level 9 of the Dungeon)
  8256 | D:9      | Reached skill level 11 in Long Blades
  8412 | D:9      | Reached XP level 11. HP: 87/87 MP: 11/11
  8499 | D:9      | Reached ***** piety under Trog
  8801 | D:10     | Entered Level 10 of the Dungeon
  8801 | D:10     | Found a sparkling altar of Nemelex Xobeh.
  9170 | D:10     | Found a staircase to the Orcish Mines.
  9386 | D:10     | Noticed a hill giant
  9394 | D:10     | Killed a hill giant
  9394 | D:10     | Reached skill level 12 in Long Blades
  9702 | D:10     | Found a staircase to the Lair.
  9775 | Lair:1   | Entered Level 1 of the Lair of Beasts
 11262 | Lair:3   | Reached XP level 12. HP: 82/97 MP: 12/12
 11539 | Lair:3   | Reached skill level 13 in Long Blades
 11633 | Lair:3   | Noticed Fannar
 11654 | Lair:3   | Killed Fannar
 11654 | Lair:3   | Received a gift from Trog
 11654 | Lair:3   | Reached skill level 10 in Fighting
 12355 | Lair:4   | Reached ****** piety under Trog
 12464 | Lair:4   | Received a gift from Trog
 12478 | Lair:4   | Found a staircase to the Snake Pit.
 12483 | Lair:4   | Noticed a six-headed hydra
 12502 | Lair:4   | Killed a one-headed hydra
 12718 | Lair:4   | Reached skill level 10 in Armour
 13061 | Lair:4   | Noticed an eight-headed hydra
 13081 | Lair:4   | Killed a one-headed hydra
 13422 | Lair:5   | Noticed a four-headed hydra
 13439 | Lair:4   | HP: 4/147 [komodo dragon (16)]
 13440 | Lair:4   | Mangled by a komodo dragon

Skill      XL: |  1  2  3  4  5  6  7  8  9 10 11 12 |
---------------+-------------------------------------+-----
Long Blades    | 4 5 6 8 9 11 12 13 | 13.8
Fighting       | 4 5 6 7 8 9 10 | 10.5
Armour         | 3 4 5 6 8 9 10 | 10.2
Dodging        | |  2.0

Action                   |  1- 3 |  4- 6 |  7- 9 | 10-12 || total
-------------------------+-------+-------+-------+-------++-------
Melee: Falchion          |   108 |   252 |       |       ||   360
       Long sword        |       |       |   215 |       ||   215
       Scimitar          |       |       |   129 |   803 ||   932
       Hand axe          |       |       |       |    26 ||    26
Invok: Berserk           |     1 |     5 |     4 |     8 ||    18
       Trog's Hand       |       |       |     2 |     3 ||     5
       Brothers in Arms  |       |       |       |     1 ||     1
  Use: Scroll            |       |    11 |     7 |     9 ||    27
 Stab: Sleeping          |     1 |       |       |       ||     1
  Eat: Chunk             |     2 |    14 |    12 |    26 ||    54
       Meat ration       |       |       |       |     1 ||     1
Armor: Animal skin       |     6 |       |       |       ||     6
       Chain mail        |    34 |   154 |   301 |   552 ||  1041
       Ring mail         |     7 |       |       |       ||     7
Dodge: Dodged            |    67 |    83 |   199 |   330 ||   679
